 Dungeon Crawl Stone Soup version 0.28-a0-503-g83f2989fac (webtiles) character file.

Game seed: 16234385629401166173

3363 KennyOmg the Fighter (level 9, -8/83 HPs)
             Began as a Minotaur Berserker on Sept 21, 2021.
             Was a Priest of Trog.
             Mangled by a bone dragon (9 damage)
             ... on level 1 of the Abyss.
             The game lasted 00:13:10 (10456 turns).

KennyOmg the Fighter (Minotaur Berserker)          Turns: 10456, Time: 00:13:10

Health: -8/83      AC:  8    Str: 21    XL:     9   Next: 73%
Magic:  8/8        EV:  6    Int:  6    God:    Trog [***...]
Gold:   423        SH: 16    Dex: 12    Spells: 8/8 levels left

rFire   . . .      SeeInvis .   x - +4 trident (freeze)
rCold   . . .      Faith    .   F - +2 kite shield {rN+}
rNeg    + . .      Spirit   .   g - +0 chain mail
rPois   +          Reflect  +   (helmet restricted)
rElec   .          Harm     .   t - +0 cloak {rPois}
rCorr   .          Rampage  .   j - +0 pair of gloves
Will    .....      Rage     3%  (no boots)
Stlth   ..........              I - amulet of reflection
HPRegen 0.23/turn               (no ring)
MPRegen 0.11/turn               (no ring)

@: very slightly contaminated, wreathed by umbra, invisible
A: horns 2, retaliatory headbutt, [berserk 2], [deformed body]
a: Renounce Religion, Berserk, Trog's Hand


You were on level 1 of the Abyss.
You worshipped Trog.
Trog was most pleased with you.
You visited 1 branch of the dungeon, and saw 9 of its levels.
You visited the Abyss 1 time.
You also visited: Ossuary.

You collected 423 gold pieces.

Inventory:

Hand Weapons
 a - a +0 hand axe
 s - a +4 dagger of venom
   (You took it off an orc wizard on level 4 of the Dungeon)
 x - a +4 trident of freezing (weapon)
   (You took it off a gnoll sergeant on level 5 of the Dungeon)
Missiles
 y - 39 poisoned darts (quivered)
Armour
 g - a +0 chain mail (worn)
   (You found it on level 1 of the Dungeon)
 j - a +0 pair of gloves (worn)
   (You found it on level 2 of the Dungeon)
 t - a +0 cloak of poison resistance (worn)
   (You took it off Crazy Yiuf on level 4 of the Dungeon)
 F - a +2 kite shield of positive energy (worn)
   (You took it off a gnoll sergeant on level 7 of the Dungeon)
 G - a +2 cloak
   (You found it on level 7 of the Dungeon)
Jewellery
 w - a +6 ring of dexterity
   (You found it on level 9 of the Dungeon)
 I - an amulet of reflection (around neck)
   (You found it on level 5 of the Dungeon)
Wands
 u - a wand of paralysis (8)
   (You found it on level 8 of the Dungeon)
 J - a wand of charming (8)
   (You found it on level 9 of the Dungeon)
Scrolls
 d - 3 scrolls of enchant armour {unknown}
 h - 2 scrolls of noise {unknown}
 i - 6 scrolls of teleportation {unknown}
 k - 2 scrolls of magic mapping {unknown}
 l - a scroll of immolation {unknown}
 n - 3 scrolls of summoning {unknown}
 o - a scroll of acquirement {unknown}
 r - 7 scrolls of amnesia {unknown}
 v - a scroll of vulnerability {unknown}
 z - 2 scrolls of fog {unknown}
 A - 2 scrolls of fear {unknown}
 B - 6 scrolls of identify {@r1}
 D - a scroll of blinking {unknown}
 H - 2 scrolls of enchant weapon {unknown}
Potions
 b - a potion of might
 c - 3 potions of attraction {!q}
 e - a potion of degeneration {!q}
 m - 4 potions of cancellation
 p - 5 potions of curing {@q1}
 q - 5 potions of flight
 C - a potion of magic
 E - a potion of heal wounds {@q2}


   Skills:
 + Level 9.0 Fighting
 - Level 3.8 Short Blades
 - Level 4.4(8.0) Axes
 - Level 5.1(5.9) Maces & Flails
 * Level 8.9(9.4) Polearms
 - Level 6.0 Armour
 - Level 2.1 Dodging
 + Level 6.1 Shields


You had 8 spell levels left.
You didn't know any spells.
Your spell library was empty.

Dungeon Overview and Level Annotations

Branches:
Dungeon (9/15)             Temple (0/1) D:6         Ossuary (visited)
   Lair: D:8-11         Orc: D:9-12

Altars:
Ashenzari
Gozag
Nemelex Xobeh
Okawaru
Qazlal
Zin

Shops:
D:7 [

Annotations:
D:9 Erolcha


Innate Abilities, Weirdness & Mutations

You have a pair of horns on your head.
You reflexively headbutt those who attack you in melee.
[You often lose your temper in combat.]
[Armour fits poorly on your strangely shaped body.]


Message History

You kill the orc wizard!
Trog accepts your kill.
Trog appreciates your killing of a magic user.
You puncture Erolcha! You freeze Erolcha.
The orc priest calls down the wrath of Beogh upon you.
Pain shoots through your body! Erolcha barely misses you.
You closely miss Erolcha. You headbutt Erolcha. Erolcha casts a spell at you.
You are cast into the Abyss!
This branch contains the abyssal rune of Zot.
Found a scroll of identify.
No target in view!
No target in view!
Found a scroll labelled ULUUQO KOBI.
B - 6 scrolls of identify {@r1} (gained 1)
Found a gateway leading deeper into the Abyss.
H - 2 scrolls labelled ULUUQO KOBI (gained 1)
Found a whip.
Found a gateway leading deeper into the Abyss.
Found a scroll labelled SEOSTO REHATOE.
A bone dragon comes into view.
Unknown command.
A smoke demon comes into view.
The smoke demon roars!
The smoke demon gestures at you. Something smites you!
The smoke demon gestures at you. The ball of steam hits you!
Unknown command.
You block the bone dragon's attack. The bone dragon claws you!
The bone dragon tramples you but does no damage.
Unknown command.
The bone dragon bites you!!
* * * LOW HITPOINT WARNING * * *
You block the bone dragon's attack. x2
A profane servitor comes into view. It is wielding a +2 whip.
A wretched star comes into view.
Okay, then.
You fade into invisibility!
The wretched star pulses with an eldritch light!
You feel a little pissed off.
You feel angry.
You are very lightly contaminated with residual magic.
The wretched star pulses with an eldritch light!
Your body twists and deforms.
The wretched star glows turbulently.
The lance of force hits you!!
* * * LOW HITPOINT WARNING * * *
* * * LOW HITPOINT WARNING * * *
The bone dragon closely misses you. The bone dragon claws you!
You die...

#.######
#......#
#......#
#*.....#
#......#
#......#
#.#
#.#######
#@DA....#
#######3#
#.# #A#
#.# .# #
.# ## #.#


You could see a bone dragon, a profane servitor, a wretched star and a smoke
demon.

Vanquished Creatures
  An unseen horror (D:8)
  A shadow (D:7)
  Sigmund (D:4)
  Eustachio (D:6)
  A wraith (D:8)
  A wyvern (D:8)
  2 steam dragons
  Edmund (D:6)
  Duvessa (D:6)
  A sky beast (D:5)
  A necrophage (D:8)
  A phantom (D:6)
  3 bullfrogs
  3 kobold brigands
  Blork the orc (D:4)
  2 gnoll sergeants
  A wyvern zombie (D:8)
  Dowan (D:6)
  A water moccasin zombie (D:5)
  A water moccasin skeleton (D:6)
  2 jellies
  A hound (D:4)
  2 orc priests
  A centaur skeleton (D:7)
  Crazy Yiuf (D:4)
  2 iguanas
  5 orc wizards
  A hound zombie (D:5)
  14 mummies (Ossuary)
  6 gnolls
  7 adders
  A shadow imp (D:5)
  2 ufetubi
  2 worms (D:2)
  2 dart slugs
  10 orcs
  6 endoplasms
  3 giant cockroaches (D:1)
  11 goblins
  A hobgoblin (D:1)
  4 jackals (D:5)
  16 kobolds
  3 quokkas
  5 ball pythons
  8 bats
  7 frilled lizards
  3 gnoll skeletons (Ossuary)
  2 goblin skeletons (Ossuary)
  3 kobold skeletons (Ossuary)
  3 rats
  11 rat skeletons (Ossuary)
171 creatures vanquished.

Vanquished Creatures (others)
  An orc (D:9)
  A kobold (D:8)
2 creatures vanquished.

Grand Total: 173 creatures vanquished

Notes
Turn   | Place    | Note
-------+----------+-------------------------------------------
     0 | D:1      | KennyOmg the Minotaur Berserker began the quest for the
                  | Orb.
     0 | D:1      | Reached XP level 1. HP: 19/19 MP: 0/0
   151 | D:1      | Reached XP level 2. HP: 27/27 MP: 1/1
   279 | D:1      | Reached skill level 4 in Fighting
  1048 | D:2      | Reached skill level 1 in Maces & Flails
  1048 | D:2      | Reached XP level 3. HP: 33/33 MP: 2/2
  1292 | D:2      | Found a broken altar of Ashenzari.
  1441 | D:2      | Reached ** piety under Trog
  1849 | D:3      | Found a faded altar of an unknown god.
  2126 | D:3      | Reached XP level 4. HP: 41/41 MP: 3/3
  2648 | D:4      | Reached XP level 5. HP: 46/47 MP: 4/4
  2677 | D:4      | Reached skill level 5 in Fighting
  3088 | D:4      | Reached skill level 5 in Maces & Flails
  3088 | D:4      | Reached XP level 6. HP: 14/56 MP: 5/5
  3446 | D:4      | Noticed Sigmund
  3448 | D:4      | Noticed Blork the orc
  3453 | D:4      | Killed Sigmund
  3458 | D:4      | Killed Blork the orc
  3459 | D:4      | Reached skill level 6 in Fighting
  3895 | D:4      | Found a runed translucent door.
  3896 | D:4      | Noticed Crazy Yiuf
  4172 | D:4      | Killed Crazy Yiuf
  4173 | D:4      | Reached XP level 7. HP: 63/63 MP: 6/6
  4217 | D:5      | Entered Level 5 of the Dungeon
  4287 | D:5      | Found an iron altar of Okawaru.
  4712 | D:5      | Noticed a water elemental
  4713 | D:5      | Found a stormy altar of Qazlal.
  4715 | D:5      | Noticed an air elemental
  4716 | D:5      | Noticed a fire elemental
  4779 | D:5      | Reached skill level 1 in Polearms
  4884 | D:5      | Reached skill level 1 in Shields
  5287 | D:5      | Found a sparkling altar of Nemelex Xobeh.
  5287 | D:5      | Found an opulent altar of Gozag.
  5818 | D:6      | Reached XP level 8. HP: 65/71 MP: 7/7
  5852 | D:6      | Found a glowing silver altar of Zin.
  5902 | D:6      | Noticed Duvessa
  5902 | D:6      | Noticed Dowan
  5908 | D:6      | Killed Duvessa
  5920 | D:6      | Killed Dowan
  5921 | D:6      | Reached skill level 7 in Fighting
  6290 | D:6      | Found a staircase to the Ecumenical Temple.
  6347 | D:6      | Noticed Edmund
  6353 | D:6      | Killed Edmund
  6354 | D:6      | Reached skill level 5 in Armour
  6571 | D:6      | Noticed Eustachio
  6577 | D:6      | Killed Eustachio
  6578 | D:6      | Reached skill level 5 in Polearms
  6845 | D:6      | Found a glowing silver altar of Zin.
  6998 | D:6      | Found a staircase to the Ecumenical Temple.
  7583 | D:7      | Found a sand-covered staircase.
  7588 | Ossuary  | Entered an ossuary
  8161 | D:7      | Found Sinitt's Antique Armour Emporium.
  8166 | D:7      | Reached *** piety under Trog
  8181 | D:7      | Reached skill level 8 in Fighting
  8181 | D:7      | Reached XP level 9. HP: 28/81 MP: 8/8
  8924 | D:8      | Killed an unseen horror
  8925 | D:8      | Reached skill level 5 in Shields
  9852 | D:9      | Reached skill level 9 in Fighting
 10366 | D:9      | Noticed Erolcha
 10373 | D:9      | Cast into level 1 of the Abyss (Erolcha)
 10403 | Abyss:1  | Noticed a bone dragon
 10414 | Abyss:1  | Noticed a smoke demon
 10429 | Abyss:1  | Noticed a profane servitor
 10453 | Abyss:1  | Noticed a wretched star
 10456 | Abyss:1  | HP: 1/83 [rock wall collision (8)]
 10456 | Abyss:1  | Mangled by a bone dragon

Illustrated notes

Levels and vault maps discovered:
D:1:      roderic_octagonal_star, layout_basic, serial_forest,
          infiniplex_forest_end_double, infiniplex_forest_pool,
          infiniplex_forest_straight_2, infiniplex_forest_clump_long,
          infiniplex_forest_straight_2
D:2:      layout_basic, basic_altar
D:3:      layout_loops_corners, chequers_ecumenical_altar_lobes
D:4:      layout_basic, chequers_garden, uniq_crazy_yiuf_cottage,
          uniq_blork_the_orc, uniq_sigmund
D:5:      layout_loops_ring, grunt_temple_overflow_opulence,
          nicolae_qazlal_style_of_elements, mainiacjoe_overflow_tiny_flanked
D:6:      layout_basic, mainiacjoe_overflow_concentric_impassable,
          minmay_temple_entry_enclosed_plants, uniq_edmund, uniq_eustachio,
          uniq_duvessa
D:7:      layout_cave_pools, enter_bailey_2, serial_shops, kennysheep_mini_moat,
          enter_ossuary_2
D:8:      layout_basic, minmay_fountain_box, kennysheep_generic_room_4
D:9:      layout_cave_pools, grunt_temple_overflow_open, uniq_erolcha
Abyss:1:  base: D:4, evilmike_abyss_exit_2, evilmike_abyss_exit_kraken

Skill      XL: |  1  2  3  4  5  6  7  8  9 |
---------------+----------------------------+-----
Axes           | 4 |  4.4
Fighting       | 4 5 6 8 9 |  9.0
Maces & Flails | 1 2 3 5 |  5.1
Short Blades   | 3 |  3.8
Armour         | 3 4 6 |  6.0
Polearms       | 3 6 8 |  8.9
Shields        | 2 4 6 |  6.1
Dodging        | |  2.1

Action                   |  1- 3 |  4- 6 |  7- 9 || total
-------------------------+-------+-------+-------++-------
Melee: Hand axe          |    27 |       |       ||    27
       Headbutt          |    11 |    13 |    53 ||    77
       Whip              |    53 |    66 |       ||   119
       Dagger            |       |    24 |    30 ||    54
       Trident           |       |       |   283 ||   283
Invok: Berserk           |       |     2 |     5 ||     7
       Trog's Hand       |       |     1 |     2 ||     3
  Use: Scroll            |       |       |     8 ||     8
       Potion            |       |       |     1 ||     1
Armor: Animal skin       |     9 |       |       ||     9
       Chain mail        |    35 |    46 |   106 ||   187
Dodge: Dodged            |    53 |    35 |    52 ||   140
Block: Kite shield       |       |       |   175 ||   175
       Reflection        |       |       |    11 ||    11

Table legend: (Time is in decaauts)
 A = Elapsed time spent in this place.
 B = Non-inter-level travel time spent in this place.
 C = Inter-level travel time spent in this place.
 D = Time resting spent in this place.
 E = Time spent auto-exploring this place.
 F = Levels seen in this place.
 G = Mean time per level.
                   A        B        C        D        E       F      G
               +--------+--------+--------+--------+--------+-----+--------+
         Total |  10564 |  10300 |    264 |   1561 |   7206 |  11 |  960.4 |
       Dungeon |   9906 |   9642 |    264 |   1561 |   6846 |   9 | 1100.7 |
         Abyss |     82 |     82 |      0 |      0 |      0 |   1 |   82.0 |
       Ossuary |    575 |    575 |      0 |      0 |    360 |   1 |  575.0 |
               +--------+--------+--------+--------+--------+-----+--------+

Top non-repeatable levels by time:
     D:6: 2044 daAuts
     D:4: 1794 daAuts
     D:8: 1587 daAuts
     D:5: 1323 daAuts
     D:1: 1046 daAuts
     D:3: 864 daAuts
     D:7: 630 daAuts
 Ossuary: 575 daAuts
     D:2: 519 daAuts
     D:9: 96 daAuts
 Abyss:1: 82 daAuts
